 Dungeon Crawl Stone Soup version 0.27.1-15-g792fb953b9 (webtiles) character file.

Game seed: 12005478709469547821

126 MisterFreud the Skirmisher (level 4, -2/67 HPs)
             Began as a Minotaur Abyssal Knight on Nov 18, 2021.
             Was a Believer of Lugonu.
             Slain by Sigmund (6 damage)
             ... on level 3 of the Dungeon.
             The game lasted 00:02:22 (3005 turns).

MisterFreud the Skirmisher (MiAK)                   Turns: 3005, Time: 00:02:23

Health: -2/67      AC:  3    Str: 18    XL:     4   Next: 83%
Magic:  4/4        EV: 11    Int:  9    God:    Lugonu [**....]
Gold:   85         SH:  0    Dex:  9    Spells: 3/3 levels left

rFire    . . .     SeeInvis .   a - +1 falchion
rCold    . . .     Faith    +   (no shield)
rNeg     . . .     Spirit   .   b - +0 leather armour
rPois    .         Reflect  .   (helmet restricted)
rElec    .         Harm     .   (no cloak)
rCorr    .         Rampage  .   (no gloves)
Will     .....                  (no boots)
Stlth    ..........             i - amulet of faith
HPRegen  0.21/turn              (no ring)
MPRegen  0.09/turn              (no ring)

@: berserking, hasted, very quick
A: horns 2, retaliatory headbutt
a: Renounce Religion, Depart the Abyss, Bend Space


You were on level 3 of the Dungeon.
You worshipped Lugonu.
Lugonu was pleased with you.
You visited 1 branch of the dungeon, and saw 3 of its levels.
You visited the Abyss 1 time.

You collected 85 gold pieces.

Inventory:

Hand Weapons
 a - a +1 falchion (weapon)
Missiles
 c - 6 poisoned darts (quivered)
Armour
 b - a +0 leather armour (worn)
Jewellery
 i - an amulet of faith (around neck)
Scrolls
 e - a scroll of fog {unknown}
 f - 3 scrolls of teleportation {unknown}
 g - 2 scrolls of identify {unknown}
Potions
 d - a potion of haste
 k - a potion of attraction {unknown}
 l - a potion of brilliance {unknown}


   Skills:
 + Level 6.8 Fighting
 - Level 2.4 Long Blades
 - Level 2.4 Armour
 - Level 1.1 Dodging
 - Level 1.7 Invocations


You had 3 spell levels left.
You didn't know any spells.
Your spell library contained the following spells:

 Spells                   Type           Power      Damage    Failure   Level
 Animate Skeleton         Necr           0%         N/A       43%         1
 Pain                     Necr           0%         1d4       43%         1
 Summon Small Mammal      Summ           0%         N/A       43%         1
 Call Canine Familiar     Summ           0%         N/A       82%         3
 Inner Flame              Hex/Fire       0%         N/A       82%         3
 Summon Guardian Golem    Hex/Summ       0%         N/A       82%         3
 Vampiric Draining        Necr           0%         2d6       82%         3
 Cause Fear               Hex            0%         N/A       99%         4
 Discord                  Hex            0%         N/A       100%        8


Dungeon Overview and Level Annotations

Branches:
Dungeon (3/15)

Altars:

Annotations:
D:3 Sigmund


Innate Abilities, Weirdness & Mutations

You have a pair of horns on your head.
You reflexively headbutt those who attack you in melee.


Message History

Sigmund hits you with a +1 scythe of distortion.
Space bends around you.
You bump into the rock wall.
Sigmund misses you.
You bump into the rock wall.
You closely miss Sigmund. Your headbutt misses Sigmund.
Sigmund is moderately wounded.
Sigmund hits you but does no damage. Space bends around you.
You hit Sigmund but do no damage. Your headbutt misses Sigmund.
Sigmund is moderately wounded.
Sigmund hits you with a +1 scythe of distortion.
Space bends around you.
You bump into the rock wall.
You feel less confused.
You barely miss Sigmund. Your headbutt misses Sigmund.
Sigmund is moderately wounded.
Sigmund casts a spell at you.
You are confused.
Sigmund mumbles some strange words.
Sigmund flickers and vanishes!
Deactivating autopickup; reactivate with Ctrl-A.
Unknown command.
You bump into the rock wall.
You hear some strange, mumbled words.
A puff of flame appears from out of thin air!
The puff of flame hits you.
You hear some strange, mumbled words.
Something tries to affect you, but you resist.
You bump into the rock wall.
Something completely misses you. Something hits you.
* * * LOW HITPOINT WARNING * * *
You feel better. Something hits you. Space warps horribly around you!
* * * LOW HITPOINT WARNING * * *
Unknown command.
It was a potion of haste.
You feel yourself speed up.
It was a potion of berserk rage.
A red film seems to cover your vision as you go berserk!
You feel yourself moving faster!
You feel mighty! Something hits you.
* * * LOW HITPOINT WARNING * * *
Space bends around you.
You die...

##................
#...............####
#....................
#....................
#....................
#....<..........#..#
#...................
##.[...........###.
##.....#.((.{@##
#########.รท#..#
##.##.# #.##.# #.##.#
#.##.# ##.##.##
#...#..# #...##.### #


There were no monsters in sight!

Vanquished Creatures
  Jessica (D:2)
  Robin (D:2)
  2 adders (D:2)
  A worm (D:2)
  A dart slug (D:1)
  4 endoplasms
  5 giant cockroaches
  16 goblins
  4 hobgoblins
  6 jackals (D:1)
  A quokka (D:2)
  6 ball pythons
  2 bats (D:1)
  3 frilled lizards
  3 kobolds (D:1)
  4 rats
60 creatures vanquished.

Notes
Turn   | Place    | Note
-------+----------+-------------------------------------------
     0 | Abyss:1  | MisterFreud the Minotaur Abyssal Knight began the quest for
                  | the Orb.
     0 | Abyss:1  | Reached XP level 1. HP: 19/19 MP: 1/1
     9 | Abyss:1  | Noticed a starcursed mass
    10 | D:1      | Escaped the Abyss
   341 | D:1      | Reached skill level 4 in Fighting
   413 | D:1      | Reached XP level 2. HP: 28/28 MP: 2/2
   617 | D:1      | Reached * piety under Lugonu
   723 | D:1      | Reached skill level 5 in Fighting
   804 | D:1      | Reached XP level 3. HP: 36/36 MP: 3/3
  1702 | D:2      | Noticed Jessica
  1705 | D:2      | Killed Jessica
  1849 | D:2      | Reached skill level 6 in Fighting
  1849 | D:2      | Reached XP level 4. HP: 44/44 MP: 4/4
  2017 | D:2      | Noticed Robin
  2027 | D:2      | Killed Robin
  2041 | D:3      | Noticed Sigmund
  2042 | D:3      | Reached ** piety under Lugonu
  3005 | D:3      | Slain by Sigmund

Illustrated notes

Levels and vault maps discovered:
D:1:      saegor_arrival_simple_b, layout_basic
D:2:      layout_basic, corexii_hall_statues_deadend, uniq_robin, uniq_jessica
D:3:      layout_rooms, nicolae_wu_jian_glorious_leap,
          nicolae_overflow_crystal_walls,
          hellmonk_ecumenical_altar_heavens_door, uniq_sigmund, uniq_terence

Skill      XL: |  1  2  3 |
---------------+----------+-----
Fighting       | 4 5 6 |  6.8
Long Blades    | |  2.4
Armour         | |  2.4
Dodging        | |  1.1
Invocations    | |  1.7

Action                   |  1- 3 |  4- 6 || total
-------------------------+-------+-------++-------
Melee: Falchion          |    62 |    58 ||   120
       Headbutt          |     6 |     8 ||    14
Throw: Dart              |       |     3 ||     3
Invok: Depart the Abyss  |     1 |       ||     1
  Use: Potion            |       |     3 ||     3
Armor: Leather armour    |    17 |    12 ||    29
Dodge: Dodged            |    41 |    57 ||    98
       Rpst.: Falchion   |     9 |     7 ||    16
